 Dungeon Crawl Stone Soup version 0.31-a0-231-g51bb95cda3 (webtiles) character file.

Game seed: 927975808409261298

33 qw the Shooter (level 3, -2/21 HPs)
             Began as a Gargoyle Hexslinger on July 6, 2023.
             Slain by a hobgoblin (3 damage)
             ... on level 2 of the Dungeon.
             The game lasted 00:00:21 (1151 turns).

qw the Shooter (Gargoyle Hexslinger)                Turns: 1151, Time: 00:00:22

Health: -2/21      AC:  5    Str: 11    XL:     3   Next: 29%
Magic:  4/4        EV: 12    Int: 13    God:
Gold:   109        SH:  0    Dex: 14    Spells: 3/4 levels left

rFire   . . .        a - +1 sling
rCold   . . .        (no shield)
rNeg    + . .        c - +0 robe
rPois   inf          (no helmet)
rElec   +            (no cloak)
rCorr   .            (no gloves)
SInv    .            (no boots)
Will    .....        (no amulet)
Stlth   +            (no ring)
HPRegen 0.23/turn    (no ring)
MPRegen 0.09/turn

%: no passive effects
@: no status effects
A: sickness immunity, AC +3, negative energy resistance 1, electricity
resistance, torment resistance 1, petrification resistance
a: no special abilities


You were on level 2 of the Dungeon.
You visited 1 branch of the dungeon, and saw 2 of its levels.

You collected 109 gold pieces.


Innate Abilities, Weirdness & Mutations

You are immune to sickness and miasma.
Your stone body is resilient. (AC +3)
You are immune to poison.
You resist negative energy. (rN+)
You are resistant to electric shocks. (rElec)
You are resistant to unholy torment.
You are immune to petrification.


   Skills:
 - Level 2.0 Fighting
 + Level 3.2 Ranged Weapons
 - Level 1.5 Dodging
 - Level 1.0 Spellcasting
 - Level 2.6 Hexes


You had 3 spell levels left.
You knew the following spells:

 Your Spells              Type           Power      Damage    Failure   Level
a - Slow                  Hex            28%        N/A       10%         1

Your spell library contained the following spells:

 Spells                   Type           Power      Damage    Failure   Level
 Inner Flame              Hex/Fire       4%         N/A       43%         3
 Portal Projectile        Hex/Tloc       8%         N/A       43%         3
 Cause Fear               Hex            3%         N/A       67%         4

Inventory:

Hand Weapons
 a - a +1 sling (weapon)
Armour
 c - a +0 robe (worn)
Jewellery
 d - a +6 ring of strength
Potions
 b - a potion of attraction {unknown}
 e - a potion of curing {unknown}
 f - a potion of heal wounds {unknown}
 g - a potion of berserk rage {unknown}

Dungeon Overview and Level Annotations

Branches:
Dungeon (2/15)

Altars:


Message History

You shoot a sling bullet. The sling bullet misses the adder.
The adder bites you. The hobgoblin misses you. x2
You shoot a sling bullet.
The sling bullet barely misses the adder.
The adder bites you but does no damage. The hobgoblin misses you.
A kobold comes into view. It is wielding a +0 short sword.
The hobgoblin hits you but does no damage.
The adder bites you.
You shoot a sling bullet.
The sling bullet closely misses the adder.
The kobold shouts!
The adder misses you. The hobgoblin hits you. x2
You shoot a sling bullet. The sling bullet misses the adder.
The adder closely misses you.
The hobgoblin hits you but does no damage.
The hobgoblin closely misses you. The adder bites you but does no damage.
The hobgoblin hits you. The hobgoblin misses you.
You shoot a sling bullet.
The sling bullet closely misses the adder.
The adder misses you. The hobgoblin hits you. The hobgoblin closely misses you.
The adder barely misses you.
You shoot a sling bullet. The sling bullet misses the adder.
The adder bites you. The hobgoblin misses you.
The hobgoblin hits you but does no damage.
You shoot a sling bullet.
The sling bullet hits the adder but does no damage.
The adder closely misses you. The hobgoblin barely misses you.
The hobgoblin hits you but does no damage.
The adder closely misses you.
You shoot a sling bullet.
The sling bullet closely misses the adder.
The hobgoblin hits you but does no damage.
The hobgoblin closely misses you. The adder closely misses you.
You shoot a sling bullet.
The sling bullet closely misses the adder.
The adder misses you.
The hobgoblin hits you but does no damage.
The hobgoblin closely misses you. The adder bites you but does no damage.
The hobgoblin hits you. x2
You die...

#.##.# #.# #.#
#.. #....# #.#
... ####.# #.#
#.# #.#####.#
#.#
#.%.....########
####.###.......#
#.# #........
#.# #.#####.#
#.# #@#
#...ggSK....#
#####.#####.#
#.# #.. #.. ...
#..#


You could see an adder, 2 hobgoblins and a kobold.

Vanquished Creatures
  An adder (D:1)
  A worm (D:1)
  3 ball pythons (D:1)
  2 giant cockroaches
  2 goblins
  4 hobgoblins
  3 bats (D:1)
  A frilled lizard (D:2)
  A kobold (D:1)
  3 rats (D:1)
21 creatures vanquished.

Notes
Turn   | Place    | Note
-------+----------+-------------------------------------------
     0 | D:1      | qw the Gargoyle Hexslinger began the quest for the Orb.
     0 | D:1      | Reached XP level 1. HP: 12/12 MP: 2/2
     0 | D:1      | 0 ||| qw: Version: 0.3-a-46-gb1f654a
     0 | D:1      | 0 ||| qw: Game counter: 1888
     0 | D:1      | 0 ||| qw: Melee chars always use a shield: true
     0 | D:1      | 0 ||| qw: God list: Okawaru
     0 | D:1      | 0 ||| qw: Allow faded altars: false
     0 | D:1      | 0 ||| qw: Do Orc after clearing Dungeon:15 true
     0 | D:1      | 0 ||| qw: Do second Lair branch before Depths: true
     0 | D:1      | 0 ||| qw: Lair rune preference: random
     0 | D:1      | 0 ||| qw: Goals: Normal
     0 | D:1      | 0 ||| PLANNING D:1-11
   327 | D:1      | Reached XP level 2. HP: 16/16 MP: 3/3
   605 | D:1      | Reached skill level 3 in Ranged Weapons
   891 | D:1      | 891 ||| DRINKING 2 smoky white potions.
   892 | D:1      | 892 ||| DROPPING scroll of poison.
   893 | D:1      | 893 ||| DROPPING potion of brilliance.
   950 | D:2      | 950 ||| STAIRDANCE
   961 | D:1      | Reached XP level 3. HP: 14/21 MP: 4/4
   991 | D:2      | 991 ||| STAIRDANCE
   996 | D:1      | HP: 5/21 [worm (1)]
  1147 | D:2      | HP: 3/21 [hobgoblin (3)]
  1151 | D:2      | HP: 1/21 [hobgoblin (3)]
  1151 | D:2      | Slain by a hobgoblin

Levels and vault maps discovered:
D:1:      dpeg_arrival_short_road, layout_basic
D:2:      layout_loops_ring

Skill      XL: |  1  2 |
---------------+-------+-----
Ranged Weapons | 3 |  3.2
Fighting       | 2 |  2.0
Dodging        | |  1.5
Spellcasting   | |  1.0
Hexes          | |  2.6

Action                     || total
---------------------------++-------
   Fire: Sling             ||    95
    Use: Potion            ||     1
 Armour: Robe              ||    20
  Dodge: Dodged            ||    58

Table legend:
 A = Non-vault XP
 B = Vault XP
 C = Vault XP percentage of total XP
 D = Non-vault monster count
 E = Vault monster count
 F = Vault count percentage of total count
                 A         B        C        D         E       F
            +---------+---------+-------+---------+---------+-------
      Total |      48 |       0 |   0.0 |      21 |       0 |   0.0
            +---------+---------+-------+---------+---------+-------
        D:1 |      39 |       0 |   0.0 |      16 |       0 |   0.0
        D:2 |       9 |       0 |   0.0 |       5 |       0 |   0.0
            +---------+---------+-------+---------+---------+-------
